 Dungeon Crawl Stone Soup version 0.29.1-15-g9cfb28693d (webtiles) character file.

Game seed: 15830926151420128484

23 kingofthe the Sneak (level 2, -6/13 HPs)
             Began as a Spriggan Enchanter on Mar 12, 2023.
             Mangled by Natasha (8 damage)
             ... on level 2 of the Dungeon on Mar 13, 2023.
             The game lasted 00:02:52 (727 turns).

kingofthe the Sneak (Spriggan Enchanter)             Turns: 727, Time: 00:02:53

Health: -6/13      AC:  2    Str:  4    XL:     2   Next: 72%
Magic:  6/6        EV: 16    Int: 16    God:
Gold:   125        SH:  7    Dex: 15    Spells: 4/6 levels left

rFire   . . .      SeeInvis +   a - +1 dagger
rCold   . . .      Faith    .   h - +2 buckler
rNeg    . . .      Spirit   .   b - +0 robe
rPois   .          Reflect  .   (helmet restricted)
rElec   .          Harm     .   (no cloak)
rCorr   .          Rampage  .   (gloves unavailable)
Will    .....                   (boots unavailable)
Stlth   +++.......              (no amulet)
HPRegen 0.04/turn               (no ring)
MPRegen 0.10/turn               (no ring)

@: very quick
A: very small, no large weapons, unfitting armour, see invisible, speed 3
a: no special abilities


You were on level 2 of the Dungeon.
You visited 1 branch of the dungeon, and saw 2 of its levels.

You collected 125 gold pieces.


Innate Abilities, Weirdness & Mutations

You are very small and have problems with some larger weapons.
You are too small for most types of armour.
You have supernaturally acute eyesight. (SInv)
You cover ground extremely quickly. (Speed+++)


   Skills:
 * Level 1.5 Short Blades
 * Level 3.2 Dodging
 * Level 4.9 Stealth
 + Level 0.1 Shields
 + Level 2.9 Spellcasting
 + Level 3.8 Hexes
 * Level 0.1 Translocations


You had 4 spell levels left.
You knew the following spells:

 Your Spells              Type           Power      Damage    Failure   Level
a - Blink                 Tloc           4%         N/A       52%         2

Your spell library contained the following spells:

 Spells                   Type           Power      Damage    Failure   Level
 Confusing Touch          Hex            14%        N/A       26%         3
 Tukima's Dance           Hex            14%        N/A       26%         3
 Ensorcelled Hibernation  Hex/Ice        16%        N/A       28%         2
 Dazzling Flash           Conj/Hex       16%        N/A       50%         3
 Manifold Assault         Tloc           2%         N/A       100%        5
 Storm Form               Tmut/Air       1%         N/A       100%        7

Inventory:

Hand Weapons
 a - a +1 dagger (weapon)
Armour
 b - a +0 robe (worn)
 h - a +2 buckler (worn)
Scrolls
 e - a scroll of vulnerability {unknown}
 f - 2 scrolls of identify {@r1}
 g - 3 scrolls of immolation {unknown}
 j - a scroll of teleportation {unknown}
Potions
 c - 2 potions of invisibility
 d - 2 potions of haste {@q3}
 i - a potion of magic {unknown}

Dungeon Overview and Level Annotations

Branches:
Dungeon (2/15)

Altars:

Annotations:
D:2 Natasha

.<.# #..# #..# #..#
#..# ######.>#
░░...P#..#
PPP░░░.P..P░..#
P..P⚑......@h.#
.PP░░░....P░#†#
░░.P..##.###########
######..)..<.......
##.########### ...#
#.#### # #.####


You could see Natasha.


Message History

The jackal closely misses you. The jackal barely misses you.
You hit the jackal.
You kill the jackal!
No target in view!
You now have 107 gold pieces (gained 11).
HP restored.
Things that are here:
a jackal corpse; a jackal corpse You open the door.
Found 18 gold pieces.
Found a faded altar of an unknown god.
There is an open door here.
You now have 125 gold pieces (gained 18).
There is an open door here.
Things that are here:
a jackal corpse; a jackal corpse You barely miss Natasha.
Natasha hisses angrily.
Natasha claws you.
You barely miss Natasha. Natasha claws you.
* * * LOW HITPOINT WARNING * * *
Things that are here:
a jackal corpse; a jackal corpse
There is an open door here.
As you read the scroll labelled XICKEPREPPE, it crumbles to dust.
It is a scroll of identify.
d - 2 potions of haste Natasha claws you!
Ouch! That really hurt!
You die...

Skill      XL: |  1 |
---------------+----+-----
Dodging        | 3 |  3.2
Short Blades   | |  1.5
Stealth        | |  4.9
Shields        | |  0.1
Spellcasting   | |  2.9
Hexes          | |  3.8
Translocations | |  0.1

Action                   || total
-------------------------++-------
Melee: Dagger            ||    53
  Use: Scroll            ||     1
 Stab: Sleeping          ||     8
Armor: Robe              ||     6
Dodge: Dodged            ||    29
Block: Buckler           ||     6

Levels and vault maps discovered:
D:1:      minmay_arrival_wavy_path, layout_rooms
D:2:      layout_loops_ring, shapermc_ecumenical_altar_flowoftime, st_stairs_3,
          uniq_natasha

Notes
Turn   | Place    | Note
-------+----------+-------------------------------------------
     0 | D:1      | kingofthe the Spriggan Enchanter began the quest for the
                  | Orb.
     0 | D:1      | Reached XP level 1. HP: 9/9 MP: 5/5
   324 | D:1      | Reached skill level 3 in Dodging
   324 | D:1      | Reached XP level 2. HP: 13/13 MP: 6/6
   486 | D:1      | Learned a level 2 spell: Blink
   559 | D:2      | Noticed Natasha
   709 | D:2      | Found a faded altar of an unknown god.
   727 | D:2      | Mangled by Natasha

Vanquished Creatures
  A worm (D:2)
  A ball python (D:2)
  A bat (D:1)
  An endoplasm (D:1)
  A giant cockroach (D:1)
  3 goblins
  A hobgoblin (D:1)
  2 jackals (D:2)
  A quokka (D:1)
  2 kobolds
  3 rats
17 creatures vanquished.

Table legend: (Time is in decaauts)
 A = Elapsed time spent in this place.
 B = Non-inter-level travel time spent in this place.
 C = Inter-level travel time spent in this place.
 D = Time resting spent in this place.
 E = Time spent auto-exploring this place.
 F = Levels seen in this place.
 G = Mean time per level.
                   A        B        C        D        E       F      G
               +--------+--------+--------+--------+--------+-----+--------+
         Total |    514 |    494 |     20 |      6 |    316 |   2 |  257.0 |
       Dungeon |    514 |    494 |     20 |      6 |    316 |   2 |  257.0 |
               +--------+--------+--------+--------+--------+-----+--------+

Top non-repeatable levels by time:
     D:1: 349 daAuts
     D:2: 164 daAuts

Table legend:
 A = Non-vault XP
 B = Vault XP
 C = Vault XP percentage of total XP
 D = Non-vault monster count
 E = Vault monster count
 F = Vault count percentage of total count
                 A         B        C        D         E       F
            +---------+---------+-------+---------+---------+-------
      Total |      33 |       0 |   0.0 |      17 |       0 |   0.0
            +---------+---------+-------+---------+---------+-------
        D:1 |      17 |       0 |   0.0 |      10 |       0 |   0.0
        D:2 |      16 |       0 |   0.0 |       7 |       0 |   0.0
            +---------+---------+-------+---------+---------+-------
